 Dungeon Crawl Stone Soup version 0.18.1-50-g88ac8fd (webtiles) character file.

4435 HolyRage the Grappler (level 10, -1/107 HPs)
             Began as a Troll Monk on Sept 17, 2016.
             Was a Believer of Okawaru.
             Slain by a three-headed hydra (14 damage)
             ... on level 8 of the Dungeon.
             The game lasted 00:31:37 (6408 turns).

HolyRage the Grappler (Troll Monk)                  Turns: 6408, Time: 00:31:37

Health: -1/107     AC:  6    Str: 21    XL:     10   Next: 14%
Magic:  7/9        EV: 14    Int:  6    God:    Okawaru [**....]
Gold:   438        SH:  0    Dex: 15    Spells: 0 memorised, 9 levels left

rFire  + . .     SeeInvis .     A - +3 giant spiked club
rCold  . . .     Gourm    +     a - +0 robe
rNeg   . . .     Faith    .     (shield currently unavailable)
rPois  +         Spirit   .     (helmet restricted)
rElec  .         Dismiss  .     w - +0 cloak
rCorr  .         Reflect  .     (gloves unavailable)
SustAt .         Harm     .     (boots unavailable)
MR     .....                    (no amulet)
Stlth  +++.......               C - ring of poison resistance
                                d - ring of protection from fire

@: heroism, not resistant to hostile enchantments, fairly stealthy
A: unfitting armour, claws 3, fast metabolism 3, gourmand, regeneration 2,
shaggy fur 1, tough skin 2
a: Heroism, Renounce Religion


You were on level 8 of the Dungeon.
You worshipped Okawaru.
Okawaru was pleased with you.
You were completely stuffed.

You visited 2 branches of the dungeon, and saw 9 of its levels.
You also visited: Ossuary.

You collected 438 gold pieces.

Inventory:

Hand Weapons
 A - a +3 giant spiked club (weapon)
Missiles
 g - 21 tomahawks (quivered)
Armour
 a - a +0 robe (worn)
 w - a +0 cloak (worn)
Jewellery
 d - a ring of protection from fire (left claw)
 e - a +2 ring of strength
 C - a ring of poison resistance (right claw)
Wands
 i - a wand of paralysis (13/24)
 F - a wand of acid (0/15)
Scrolls
 m - 4 scrolls of remove curse
 o - 4 scrolls of magic mapping
 r - a scroll of fog
 y - 2 scrolls of teleportation
 z - a scroll of recharging
Potions
 h - 5 potions of flight
 j - 3 potions of berserk rage
 k - 2 potions of brilliance
 l - a potion of cancellation
 n - a potion of heal wounds
 u - 2 potions of might
 v - a potion of haste
 x - 3 potions of curing
 B - a potion of invisibility
 G - a potion of cure mutation
Books
 p - a book of Spatial Translocations

   Spells                             Type                      Level
   a - Apportation                    Translocation                1
   b - Blink                          Translocation                2
   c - Shroud of Golubria             Charms/Translocation         2
   d - Portal Projectile              Translocation                3
   e - Teleport Other                 Translocation                3
   f - Passage of Golubria            Translocation                4
 D - a book of Maledictions

   Spells                             Type                      Level
   a - Corona                         Hexes                        1
   b - Ensorcelled Hibernation        Hexes/Ice                    2
   c - Confuse                        Hexes                        3
   d - Tukima's Dance                 Hexes                        3
   e - Dazzling Spray                 Conjuration/Hexes            3
 E - a book of Battle

   Spells                             Type                      Level
   a - Infusion                       Charms                       1
   b - Shroud of Golubria             Charms/Translocation         2
   c - Song of Slaying                Charms                       2
   d - Spectral Weapon                Hexes/Charms                 3
   e - Regeneration                   Charms/Necromancy            3
Comestibles
 b - 7 bread rations
 c - 7 slices of pizza
 f - 4 beef jerkies
 q - 21 fruits
 t - 4 meat rations
 H - 7 chunks of flesh


   Skills:
 * Level 9.3(14.3) Fighting
 * Level 2.9(7.9) Maces & Flails
 - Level 2.7(7.7) Dodging
 - Level 1.1(6.1) Stealth
 - Level 10.4(15.4) Unarmed Combat


You had 9 spell levels left.
You didn't know any spells.

Dungeon Overview and Level Annotations

Branches:
Dungeon (8/15)             Temple (1/1) D:7
   Lair: D:8-11

Altars:
Ashenzari
Cheibriados
Dithmenos
Fedhas
Gozag
Kikubaaqudgha
Makhleb
Nemelex Xobeh
Okawaru
Pakellas
Qazlal
Ru
Sif Muna
Trog
Vehumet
Xom
Yredelemnul
Zin
The Shining One


Innate Abilities, Weirdness & Mutations

You are too large for most types of armour.
You have claws for hands.
Your metabolism is lightning-fast.
You like to eat raw meat.
You heal very quickly.
You are covered in fur (AC +1).
You have very tough skin (AC +2).


Message History

The three-headed hydra bites you! x2; The three-headed hydra bites you.
The three-headed hydra bites you! The three-headed hydra bites you.
The three-headed hydra misses you.
You barely miss the three-headed hydra.
The three-headed hydra is moderately wounded.
The three-headed hydra bites you! The three-headed hydra bites you.
The three-headed hydra bites you!
The three-headed hydra barely misses you.
The three-headed hydra bites you. The three-headed hydra misses you.
You gain the combat prowess of a mighty hero.
You feel slightly less full. The three-headed hydra bites you.
The three-headed hydra bites you!
* * * LOW HITPOINT WARNING * * *
The three-headed hydra bites you!
* * * LOW HITPOINT WARNING * * *
You sock the three-headed hydra!
The three-headed hydra is heavily wounded.
The three-headed hydra bites you but does no damage.
The three-headed hydra bites you!
You die...

#.##..###.# #. #.##....#.# #.#
#.# #.........# #.# #.#
####.##.### #.# #.# ##.##.# #.#
#.# #...#.# ..# #.# #.#....###
#.# #.######### ##.#......
#.#########...KD@...## ##.#.####
............######<..## ###.#
#######.##.######.....######.####
# #.##..................#.... #
#.#########.....######.#### #
####.# ##...## #.# # #....# ##.##
#.# # #.#### #.########.#### #
#.# #.##......#....


You could see a three-headed hydra and a big kobold.

Vanquished Creatures
  The ghost of shugdite the Skirmisher, a novice MiFi (D:5)
  Grinder (D:5)
  Sigmund (D:5)
  2 yaks (D:8)
  A water moccasin (D:8)
  3 ice beasts
  A sky beast (D:6)
  A black bear (D:5)
  An orc warrior (D:7)
  5 ogres
  4 centaurs
  2 big kobolds (D:8)
  3 elf zombies (Ossuary)
  2 giant frogs (D:6)
  2 scorpions (D:7)
  5 killer bees
  A howler monkey (D:6)
  4 crimson imps
  3 centaur zombies (Ossuary)
  6 human zombies (Ossuary)
  2 orc priests (D:7)
  4 orc wizards
  3 hounds
  An iguana (D:8)
  8 worker ants
  2 sheep (D:8)
  4 mummies
  5 adders
  A howler monkey skeleton (D:5)
  2 shadow imps (D:7)
  An ooze (D:3)
  A worm (D:3)
  2 dart slugs
  4 giant geckos
  15 orcs
  4 giant cockroaches
  3 goblins
  5 hobgoblins
  4 jackals
  4 quokkas
  4 bats
  3 giant newts
  A goblin zombie (D:7)
  A jackal zombie (D:7)
  9 kobolds
  A kobold zombie (D:7)
  A quokka skeleton (D:6)
  4 rats
148 creatures vanquished.

Notes
Turn   | Place    | Note
--------------------------------------------------------------
     0 | D:1      | HolyRage the Troll Monk began the quest for the Orb.
     0 | D:1      | Reached XP level 1. HP: 22/22 MP: 0/0
   381 | D:1      | Reached XP level 2. HP: 28/29 MP: 1/1
   900 | D:2      | Found a shadowy altar of Dithmenos.
   943 | D:2      | Reached XP level 3. HP: 37/37 MP: 2/2
  1126 | D:2      | Found a burning altar of Makhleb.
  1128 | D:2      | Noticed a green death
  1927 | D:3      | Found a glowing silver altar of Zin.
  1948 | D:3      | Reached XP level 4. HP: 44/45 MP: 3/3
  2133 | D:4      | Found a glowing golden altar of the Shining One.
  2138 | D:4      | Found a basalt altar of Yredelemnul.
  2140 | D:4      | Noticed a profane servitor
  2313 | D:4      | Reached skill level 5 in Unarmed Combat
  2487 | D:4      | Noticed an ogre
  2495 | D:4      | Killed an ogre
  2495 | D:4      | Reached XP level 5. HP: 50/54 MP: 4/4
  2682 | D:4      | Noticed an ogre
  2689 | D:4      | Killed an ogre
  2689 | D:4      | Reached XP level 6. HP: 52/63 MP: 5/5
  3041 | D:4      | Reached skill level 6 in Unarmed Combat
  3081 | D:4      | Noticed an angel
  3106 | D:5      | Entered Level 5 of the Dungeon
  3106 | D:5      | Noticed Sigmund
  3220 | D:5      | Reached skill level 5 in Fighting
  3220 | D:5      | Reached XP level 7. HP: 55/72 MP: 6/6
  3519 | D:5      | Reached skill level 7 in Unarmed Combat
  3622 | D:5      | Noticed Grinder
  3632 | D:5      | Killed Grinder
  3659 | D:5      | Noticed shugdite's ghost (novice MiFi)
  3673 | D:5      | Killed shugdite's ghost
  3673 | D:5      | Reached skill level 8 in Unarmed Combat
  3673 | D:5      | Reached XP level 8. HP: 40/84 MP: 7/7
  3874 | D:5      | Killed Sigmund
  4186 | D:6      | Reached skill level 1 in Maces & Flails
  4295 | D:6      | Reached skill level 9 in Unarmed Combat
  4295 | D:6      | Reached XP level 9. HP: 53/93 MP: 8/8
  4454 | D:6      | Found a shimmering altar of Xom.
  4487 | D:6      | Found a shimmering altar of Xom.
  4487 | D:6      | Found a shimmering altar of Xom.
  4489 | D:6      | Found a shimmering altar of Xom.
  4489 | D:6      | Found a shimmering altar of Xom.
  4490 | D:6      | Found a shimmering altar of Xom.
  4492 | D:6      | Found a shimmering altar of Xom.
  4605 | D:6      | Found an oddly glowing altar of Pakellas.
  5059 | D:7      | Found a sand-covered staircase.
  5064 | Ossuary  | Entered an ossuary
  5095 | Ossuary  | Reached skill level 10 in Unarmed Combat
  5766 | D:7      | Found a staircase to the Ecumenical Temple.
  5772 | Temple   | Entered the Ecumenical Temple
  5843 | Temple   | Became a worshipper of Warmaster Okawaru
  5843 | Temple   | Reached * piety under Okawaru
  5843 | Temple   | Reached ** piety under Okawaru
  5932 | D:8      | Reached XP level 10. HP: 98/107 MP: 9/9
  6105 | D:8      | Found a stormy altar of Qazlal.
  6244 | D:8      | Noticed a three-headed hydra
  6408 | D:8      | Slain by a three-headed hydra

Skill      XL: |  1  2  3  4  5  6  7  8  9 |
---------------+----------------------------+-----
Fighting       | 3 4 5 6 7 9 |  9.3
Unarmed Combat | 5 6 8 9 10 | 10.4
Maces & Flails | 2 |  2.9
Dodging        | |  2.7
Stealth        | |  1.1

Action                   |  1- 3 |  4- 6 |  7- 9 | 10-12 || total
-------------------------+-------+-------+-------+-------++-------
Melee: Unarmed           |    91 |    66 |   218 |       ||   375
       Punch             |     2 |       |     7 |       ||     9
       Giant spiked club |       |       |    31 |    51 ||    82
Throw: Tomahawk          |       |       |     4 |       ||     4
Invok: Heroism           |       |       |       |     2 ||     2
Evoke: Wand              |       |       |       |     2 ||     2
  Use: Scroll            |     6 |     5 |    12 |     2 ||    25
       Potion            |       |       |     2 |     1 ||     3
 Stab: Sleeping          |     5 |     1 |     2 |     1 ||     9
  Eat: Chunk             |    23 |    12 |    19 |    11 ||    65
Armor: Robe              |    39 |    22 |    68 |    20 ||   149
Dodge: Dodged            |    45 |    33 |    99 |    40 ||   217
